 Dungeon Crawl Stone Soup version 0.31-a0-699-g830162fb6c (webtiles) character file.

Game seed: 2354850414413675269

69 qw the Shooter (level 4, -2/28 HPs)
             Began as a Gargoyle Hunter on Sept 7, 2023.
             Slain by a hobgoblin (3 damage)
             ... on level 3 of the Dungeon.
             The game lasted 00:00:41 (1834 turns).

qw the Shooter (Gargoyle Hunter)                    Turns: 1834, Time: 00:00:41

Health: -2/28      AC:  8    Str: 15    XL:     4   Next: 20%
Magic:  4/4        EV: 11    Int:  9    God:
Gold:   106        SH:  0    Dex: 15    Spells: 3/3 levels left

rFire   . . .        Y - +1 shortbow
rCold   . . .        (shield currently unavailable)
rNeg    + . .        a - +0 ring mail
rPois   inf          (no helmet)
rElec   +            (no cloak)
rCorr   +            (no gloves)
SInv    .            (no boots)
Will    .....        g - amulet of faith
Stlth   +            j - ring of resist corrosion
HPRegen 0.24/turn    (no ring)
MPRegen 0.09/turn

%: faith
@: slowed, very slow
A: sickness immunity, AC +3, negative energy resistance 1, electricity
resistance, torment resistance 1, petrification resistance
a: no special abilities


You were on level 3 of the Dungeon.
You visited 1 branch of the dungeon, and saw 3 of its levels.

You collected 106 gold pieces.


Innate Abilities, Weirdness & Mutations

You are immune to sickness and miasma.
Your stone body is resilient. (AC +3)
You are immune to poison.
You resist negative energy. (rN+)
You are resistant to electric shocks. (rElec)
You are resistant to unholy torment.
You are immune to petrification.


   Skills:
 - Level 3.0 Fighting
 + Level 5.1 Ranged Weapons
 - Level 1.0 Armour
 - Level 1.5 Dodging
 - Level 1.1 Stealth


You had 3 spell levels left.
You didn't know any spells.
Your spell library was empty.

Inventory:

Hand Weapons
 Y - a +1 shortbow (weapon)
Armour
 a - a +0 ring mail (worn)
Jewellery
 g - an amulet of faith (around neck)
 j - a ring of resist corrosion (left hand)
Scrolls
 c - a scroll of identify
Potions
 b - a potion of haste {unknown}
 d - a potion of mutation {unknown}
 e - a potion of curing {unknown}
 f - a potion of ambrosia {unknown}

Dungeon Overview and Level Annotations

Branches:
Dungeon (3/15)

Altars:

Annotations:
D:3 Natasha


Message History

You feel yourself slow down.
You shoot an arrow. The arrow hits Natasha.
Natasha is moderately wounded.
Natasha stares at you and mumbles some strange words.
You feel as though you will be slow longer.
You shoot an arrow. The arrow hits Natasha!
Natasha is severely wounded.
Natasha barely misses you.
You shoot an arrow. The arrow closely misses Natasha.
Natasha claws you but does no damage.
You shoot an arrow. The arrow barely misses Natasha.
Natasha extends her claws.
Natasha claws you but does no damage.
The hobgoblin hits you but does no damage.
Natasha claws you but does no damage.
The hobgoblin hits you but does no damage.
You shoot an arrow. The arrow closely misses Natasha.
Natasha claws you but does no damage. The hobgoblin closely misses you.
Natasha closely misses you. The hobgoblin closely misses you.
You shoot an arrow. The arrow barely misses Natasha.
Natasha claws you. The hobgoblin misses you. Natasha claws you.
The hobgoblin misses you.
You shoot an arrow. The arrow hits Natasha.
Natasha is almost dead.
Natasha casts a spell at you. The magic dart hits you!
The hobgoblin closely misses you. Natasha claws you but does no damage.
The hobgoblin hits you but does no damage.
You shoot an arrow. The arrow barely misses Natasha.
Natasha claws you but does no damage. The hobgoblin hits you.
Natasha claws you. The hobgoblin misses you.
You shoot an arrow.
The arrow hits Natasha but does no damage.
Natasha is almost dead.
Natasha claws you.
The hobgoblin hits you but does no damage.
Natasha casts a spell.
You shoot an arrow. The arrow closely misses Natasha.
The hobgoblin hits you.
You die...

... .... . ....... ..
..#.#..... ..##.#.#.#..
....#.#... ......#..
#...gh# #....@##
#...5..#############
#..................#
#.............####.#
######
##.............#....#
#....#
#...(......###.#.####
#....# #.###......###.#.#
#....####.#.....#......#.#
#....#....#.######.#####.#


You could see Natasha, a cerulean imp (summoned) and a hobgoblin.

Vanquished Creatures
  An adder (D:3)
  A worm (D:2)
  2 dart slugs
  2 orcs (D:3)
  6 endoplasms
  3 giant cockroaches
  4 goblins
  5 hobgoblins
  3 jackals (D:2)
  2 quokkas
  6 ball pythons
  4 bats
  2 frilled lizards
  3 kobolds
  5 rats
49 creatures vanquished.

Notes
Turn   | Place    | Note
-------+----------+-------------------------------------------
     0 | D:1      | qw the Gargoyle Hunter began the quest for the Orb.
     0 | D:1      | Reached XP level 1. HP: 12/12 MP: 1/1
     0 | D:1      | 0 ||| qw: Version: 0.3-a-76-g4403597
     0 | D:1      | 0 ||| qw: Game counter: 410
     0 | D:1      | 0 ||| qw: Melee chars always use a shield: true
     0 | D:1      | 0 ||| qw: God list: Okawaru
     0 | D:1      | 0 ||| qw: Allow faded altars: false
     0 | D:1      | 0 ||| qw: Do Orc after clearing Dungeon:15 true
     0 | D:1      | 0 ||| qw: Do second Lair branch before Depths: true
     0 | D:1      | 0 ||| qw: Lair rune preference: random
     0 | D:1      | 0 ||| qw: Goals: Normal
     0 | D:1      | 0 ||| PLANNING D:1-11
   108 | D:1      | Reached XP level 2. HP: 14/17 MP: 2/2
   181 | D:1      | Found a faded altar of an unknown god.
   339 | D:1      | Reached XP level 3. HP: 15/21 MP: 3/3
   478 | D:1      | Reached skill level 5 in Ranged Weapons
   642 | D:1      | 642 ||| READING scroll labelled KEGHEA ODWOKKOXO.
   743 | D:1      | 743 ||| DROPPING scroll of butterflies.
  1088 | D:2      | 1088 ||| DROPPING +1 sling of flaming.
  1372 | D:2      | Reached skill level 3 in Fighting
  1650 | D:2      | 1650 ||| UPGRADING to +0 ring mail.
  1660 | D:2      | 1660 ||| DROPPING +0 leather armour.
  1661 | D:2      | 1661 ||| UPGRADING to amulet of faith.
  1666 | D:2      | 1666 ||| UPGRADING to ring of resist corrosion.
  1667 | D:2      | 1667 ||| READING scroll labelled RET ZUEGGUY.
  1668 | D:2      | 1668 ||| READING scroll labelled UQEPYB RUBALITA.
  1669 | D:2      | 1669 ||| READING scroll labelled KYJEDI HAIME.
  1686 | D:3      | Reached skill level 1 in Armour
  1686 | D:3      | Reached XP level 4. HP: 28/28 MP: 4/4
  1822 | D:3      | Noticed Natasha
  1831 | D:3      | HP: 7/28 [Natasha/magic dart (10)]
  1832 | D:3      | HP: 3/28 [Natasha (2)]
  1833 | D:3      | HP: 1/28 [Natasha (3)]
  1834 | D:3      | Slain by a hobgoblin

Levels and vault maps discovered:
D:1:      psy_arrival_terrarium, layout_basic,
          shapermc_ecumenical_altar_starsandcircs
D:2:      layout_loops_corners
D:3:      corexii_shack_village, layout_basic, uniq_natasha, uniq_jessica

Skill      XL: |  1  2  3 |
---------------+----------+-----
Ranged Weapons | 5 |  5.1
Fighting       | 3 |  3.0
Armour         | 1 |  1.0
Dodging        | |  1.5
Stealth        | |  1.1

Action                     |  1- 3 |  4- 6 || total
---------------------------+-------+-------++-------
   Fire: Shortbow          |   148 |    20 ||   168
    Use: Scroll            |     4 |       ||     4
 Armour: Leather armour    |    39 |       ||    39
         Ring mail         |     4 |    18 ||    22
  Dodge: Dodged            |    30 |     8 ||    38

Table legend:
 A = Non-vault XP
 B = Vault XP
 C = Vault XP percentage of total XP
 D = Non-vault monster count
 E = Vault monster count
 F = Vault count percentage of total count
                 A         B        C        D         E       F
            +---------+---------+-------+---------+---------+-------
      Total |      99 |       0 |   0.0 |      49 |       0 |   0.0
            +---------+---------+-------+---------+---------+-------
        D:1 |      43 |       0 |   0.0 |      26 |       0 |   0.0
        D:2 |      33 |       0 |   0.0 |      18 |       0 |   0.0
        D:3 |      23 |       0 |   0.0 |       5 |       0 |   0.0
            +---------+---------+-------+---------+---------+-------
